 Dungeon Crawl Stone Soup version 0.20.0 (webtiles) character file.

37 MatthieuS the Poker (level 3, -5/28 HPs)
             Began as a Merfolk Gladiator on June 4, 2017.
             Slain by Sigmund
             ... wielding a +2 scythe of venom
              (8 damage)
             ... on level 2 of the Dungeon.
             The game lasted 00:01:50 (857 turns).

MatthieuS the Poker (Merfolk Gladiator)              Turns: 857, Time: 00:01:51

Health: -5/28      AC:  2    Str: 14    XL:     3   Next: 39%
Magic:  3/3        EV: 14    Int:  8    God:
Gold:   40         SH:  0    Dex: 15    Spells: 2/2 levels left

rFire    . . .     SeeInvis .   a - +0 trident
rCold    . . .     Gourm    .   (no shield)
rNeg     . . .     Faith    .   b - +0 leather armour
rPois    .         Spirit   .   c - +0 helmet
rElec    .         Reflect  .   (no cloak)
rCorr    .         Harm     .   (no gloves)
MR       .....     Clarity  +   (no boots)
Stlth    +.........             (no amulet)
Regen    0.0/turn               (no ring)
MPRegen  0.1/turn               (no ring)

@: lethally poisoned (-5 -> -29)
A: change form in water, swift swim, stealthy swim, clarity, deformed body,
inhibited regeneration
a: no special abilities


You were on level 2 of the Dungeon.
You were not hungry.

You visited 1 branch of the dungeon, and saw 2 of its levels.

You collected 40 gold pieces.

Inventory:

Hand Weapons
 a - a +0 trident (weapon)
 h - a +1 dagger of venom
Missiles
 d - 3 throwing nets (quivered)
Armour
 b - a +0 leather armour (worn)
 c - a +0 helmet (worn)
Scrolls
 e - a scroll of blinking {unknown}
Comestibles
 f - a bread ration
 k - a royal jelly


   Skills:
 + Level 2.6 Fighting
 * Level 6.0 Polearms
 - Level 2.0 Throwing
 - Level 4.0 Dodging


You had 2 spell levels left.
You didn't know any spells.

Dungeon Overview and Level Annotations

Branches:
Dungeon (2/15)

Altars:
The Shining One

Annotations:
D:2 Sigmund


Innate Abilities, Weirdness & Mutations

You revert to your normal form in water.
You are very nimble and swift while swimming.
You are very stealthy in the water. (Stealth+)
You possess an exceptional clarity of mind.
Armour fits poorly on your strangely shaped body.
You do not regenerate when monsters are visible.


Message History

No target in view!
No target in view!
No target in view!
Something barely misses you.
You hit something but do no damage. Something barely misses you.
You hit something but do no damage. You barely miss something.
Something hits you!
You are lethally poisoned!
You barely miss something.
You feel sick. Something hits you.
* * * LOW HITPOINT WARNING * * *
You are more poisoned.
You miss something.
* * * LOW HITPOINT WARNING * * *
You feel sick.
It was a potion of mutation.
You feel extremely strange.
Your regeneration stops near monsters.
Your body twists and deforms.
Your thoughts seem clearer.
* * * LOW HITPOINT WARNING * * *
You feel sick. Something hits you!
You die...

#.. #.#
###########
#.#<....+
#.........# #.#
....# #.#######.#
#.# ....+ #.# #.#
#.# .... ####.#
#.# #{# #..#
..##.# #.#.#@#
#..# ..##.#
#.#...###..#.#...
..##.#
#.#..............
..##.#
#.#.####.####.###
.....#
#.#.##.....##
..####
#.#.#.......#
..<#
#.#.#.......#..
####
#.#....._.....#
+...#.......#.#


There were no monsters in sight!

Vanquished Creatures
  A leopard gecko (D:1)
  A ball python (D:1)
  4 giant cockroaches (D:1)
  7 goblins (D:1)
  5 hobgoblins (D:1)
  5 bats
  3 frilled lizards (D:1)
  3 kobolds (D:1)
  3 rats (D:1)
32 creatures vanquished.

Notes
Turn   | Place    | Note
-------+----------+-------------------------------------------
     0 | D:1      | MatthieuS the Merfolk Gladiator began the quest for the Orb.
     0 | D:1      | Reached XP level 1. HP: 16/16 MP: 1/1
     2 | D:1      | Noticed a ghoul
     2 | D:1      | Noticed a felid
     4 | D:1      | Noticed a draconian
     4 | D:1      | Noticed a vine stalker
     6 | D:1      | Noticed a dwarf
     6 | D:1      | Noticed a vampire
     8 | D:1      | Noticed a centaur
    10 | D:1      | Noticed a tengu
    10 | D:1      | Noticed a gargoyle
    12 | D:1      | Noticed a halfling
    12 | D:1      | Noticed a minotaur
    14 | D:1      | Noticed a demonspawn
    14 | D:1      | Noticed a merfolk
    16 | D:1      | Noticed a spriggan
    16 | D:1      | Noticed an ogre
    18 | D:1      | Noticed a human
    18 | D:1      | Noticed a formicid
    20 | D:1      | Noticed an octopode
    20 | D:1      | Noticed an elf
    24 | D:1      | Noticed a troll
    24 | D:1      | Noticed a demigod
    26 | D:1      | Noticed a naga
    98 | D:1      | Reached skill level 5 in Polearms
   106 | D:1      | Reached XP level 2. HP: 10/22 MP: 2/2
   382 | D:1      | Reached XP level 3. HP: 22/28 MP: 3/3
   743 | D:1      | Reached skill level 6 in Polearms
   817 | D:2      | Found a glowing golden altar of the Shining One.
   834 | D:2      | Noticed Sigmund
   857 | D:2      | Gained mutation: You do not regenerate when monsters are visible. [potion of mutation]
   857 | D:2      | Gained mutation: Armour fits poorly on your strangely shaped body. [potion of mutation]
   857 | D:2      | Gained mutation: You possess an exceptional clarity of mind. [potion of mutation]
   857 | D:2      | Slain by Sigmund

Skill      XL: |  1  2  3 |
---------------+----------+-----
Polearms       | 5 6 |  6.0
Fighting       | |  2.6
Throwing       | |  2.0
Dodging        | |  4.0

Action                   || total
-------------------------++-------
Melee: Trident           ||   112
  Use: Potion            ||     3
Armor: Leather armour    ||    19
Dodge: Dodged            ||    61
